 Dungeon Crawl Stone Soup version 0.19.0-11-g3fc08b3 (webtiles) character file.

77 Larett the Sneak (level 4, -2/33 HPs)
             Began as a Ghoul Conjurer on Nov 8, 2016.
             Slain by an adder (4 damage)
             ... on level 3 of the Dungeon.
             The game lasted 00:07:57 (2651 turns).

Larett the Sneak (Ghoul Conjurer)                   Turns: 2651, Time: 00:07:58

Health: -2/33      AC:  2    Str: 11    XL:     4   Next: 34%
Magic:  1/5        EV: 12    Int: 11    God:
Gold:   59         SH:  0    Dex:  9    Spells: 2 memorised, 3 levels left

rFire  . . .     SeeInvis .     a - +0 dagger
rCold  + . .     Gourm    .     e - +0 robe
rNeg   + + +     Faith    .     (no shield)
rPois  ∞         Spirit   .     (no helmet)
rElec  .         Reflect  .     (no cloak)
rCorr  .         Harm     .     (no gloves)
MR     .....                    (no boots)
Stlth  +++.......               (no amulet)
                                (no ring)
                                (no ring)

@: very slightly contaminated, rotting
A: rotting body, claws 1, carnivore 3, cold resistance 1, negative energy
resistance 3, slow regeneration 1, torment resistance, unbreathing
a: no special abilities


You were on level 3 of the Dungeon.
You were not hungry.

You visited 1 branch of the dungeon, and saw 3 of its levels.

You collected 59 gold pieces.

Inventory:

Hand Weapons
 a - a +0 dagger (weapon)
 m - a +0 hunting sling
Missiles
 h - 39 stones (quivered)
 l - 8 tomahawks
 p - 19 bolts
 q - 16 arrows
Armour
 e - a +0 robe (worn)
Scrolls
 d - 3 scrolls of amnesia {unknown}
 g - 2 scrolls of identify {unknown}
 j - a scroll of enchant weapon {unknown}
 k - 5 scrolls of remove curse {unknown}
Potions
 i - a potion of lignification
 n - a potion of degeneration {unknown}
Books
 b - a book of Conjurations

   Spells                             Type                      Level
   a - Magic Dart                     Conjuration                  1
   b - Searing Ray                    Conjuration                  2
   c - Dazzling Spray                 Conjuration/Hexes            3
   d - Fulminant Prism                Conjuration/Hexes            4
   e - Iskenderun's Mystic Blast      Conjuration                  4
   f - Iskenderun's Battlesphere      Conjuration/Charms           5
Comestibles
 c - a meat ration
 o - 4 chunks of flesh {@w1}


   Skills:
 - Level 1.7 Dodging
 + Level 5.3 Stealth
 - Level 1.7 Spellcasting
 - Level 3.2 Conjurations


You had 3 spell levels left.
You knew the following spells:

 Your Spells              Type           Power        Failure   Level  Hunger
a - Magic Dart            Conj           #...         10%         1    ##.....
b - Searing Ray           Conj           #.....       14%         2    ###....


Dungeon Overview and Level Annotations

Branches:
Dungeon (3/15)

Altars:
Ashenzari
Kikubaaqudgha
Makhleb
Ru
Sif Muna
Trog
The Shining One


Innate Abilities, Weirdness & Mutations

Your body is rotting away.
You thrive on raw meat.
You are immune to poison.
You have sharp fingernails.
You are carnivorous and can eat meat at any time.
Your flesh is cold resistant. (rC+)
You are immune to negative energy. (rN+++)
You regenerate slowly when monsters are visible.
You are immune to unholy pain and torment.
You can survive without breathing.


Message History

The adder closely misses you. The adder bites you.
* * * LOW HITPOINT WARNING * * *
You miss the adder.
The adder is moderately wounded.
The adder bites you.
* * * LOW HITPOINT WARNING * * *
It was a potion of lignification.
You feel woody for a moment. The adder bites you.
* * * LOW HITPOINT WARNING * * *
It was a potion of curing.
You feel better. The adder bites you.
* * * LOW HITPOINT WARNING * * *
The adder bites you.
* * * LOW HITPOINT WARNING * * *
You hit the adder.
The adder is severely wounded.
The orc priest mumbles some strange prayers to Beogh against you.
Beogh smites you!
* * * LOW HITPOINT WARNING * * *
The adder bites you.
You die...

######.# ...
##......#....
##...o........
#.............
#.........#.#.
#.......>.#...
###.............
###o..........###.
#nSJ.........##
#####.........###
#............
#.........##
#.........#
#.........#
##.......##
##.....## #######


You could see an orc priest, an ooze and an adder.

Vanquished Creatures
  2 adders (D:2)
  A worm (D:2)
  2 dart slugs
  3 leopard geckos
  2 ball pythons (D:2)
  2 giant cockroaches
  5 goblins
  8 hobgoblins
  5 kobolds
  A quokka (D:2)
  8 bats
  3 frilled lizards (D:1)
  7 rats
49 creatures vanquished.

Notes
Turn   | Place    | Note
-------+----------+-------------------------------------------
     0 | D:1      | Larett the Ghoul Conjurer began the quest for the Orb.
     0 | D:1      | Reached XP level 1. HP: 14/14 MP: 2/2
   155 | D:1      | Reached skill level 3 in Stealth
   174 | D:1      | Reached XP level 2. HP: 10/20 MP: 3/3
   937 | D:1      | Reached skill level 4 in Stealth
   937 | D:1      | Reached XP level 3. HP: 14/26 MP: 4/4
   940 | D:1      | HP: 4/26 [hobgoblin (4)]
   946 | D:1      | HP: 2/25 [hobgoblin (1)]
  1113 | D:1      | Learned a level 2 spell: Searing Ray
  2060 | D:2      | Reached skill level 5 in Stealth
  2060 | D:2      | Reached XP level 4. HP: 10/32 MP: 5/5
  2148 | D:2      | Found a sacrificial altar of Ru.
  2262 | D:2      | Found a bloodstained altar of Trog.
  2262 | D:2      | Found a deep blue altar of Sif Muna.
  2262 | D:2      | Found a glowing golden altar of the Shining One.
  2262 | D:2      | Found a shattered altar of Ashenzari.
  2269 | D:2      | Found a burning altar of Makhleb.
  2273 | D:2      | Found an ancient bone altar of Kikubaaqudgha.
  2651 | D:3      | HP: 2/33 [orc priest/divine providence (10)]
  2651 | D:3      | Slain by an adder

Skill      XL: |  1  2  3 |
---------------+----------+-----
Stealth        | 3 4 5 |  5.3
Dodging        | |  1.7
Spellcasting   | |  1.7
Conjurations   | |  3.2

Action                   |  1- 3 |  4- 6 || total
-------------------------+-------+-------++-------
Melee: Unarmed           |    16 |       ||    16
       Dagger            |   107 |    37 ||   144
 Cast: Magic Dart        |    11 |     1 ||    12
       Searing Ray       |     7 |     3 ||    10
  Use: Potion            |       |     2 ||     2
 Stab: Sleeping          |     5 |     3 ||     8
  Eat: Chunk             |    18 |     3 ||    21
Armor: Robe              |    17 |    22 ||    39
Dodge: Dodged            |    80 |    60 ||   140
